Map: 레릴락 마루

Players

장민철 (MC) - Winner!

  • Race: Protoss Protoss
  • League: Grandmaster

llIIIllIlIll

  • Race: Zerg Zerg
  • League: Grandmaster

VOD

Have the link to the VOD?

Description

Time

  • Played on: Feb. 29, 2016, 7:54 a.m.
  • Length: 10:01
Show
View Real Time Build Order
Export as new Build Order

장민철 Protoss - Winner!

Build Orders: Nexus First, Mass Adepts 

Get SALT Encoding   

  12  0:00  Probe (Chrono Boost)  
  13  0:11  Probe (Chrono Boost)  
  14  0:21  Pylon  
  14  0:22  Probe (Chrono Boost)  
  15  0:39  Probe (Chrono Boost)  
  16  0:49  Probe (Chrono Boost)  
  17  1:00  Nexus  
  18  1:04  Probe (Chrono Boost)  
  18  1:15  Gateway  
  18  1:18  Probe (Chrono Boost)  
  19  1:24  Assimilator  
  19  1:28  Probe (Chrono Boost)  
  20  1:34  Assimilator  
  20  1:39  Probe (Chrono Boost)  
  21  1:47  Gateway  
  21  1:50  Probe (Chrono Boost)  
  22  2:02  Cybernetics Core  
  22  2:03  Probe (Chrono Boost)  
  23  2:14  Probe x2 (Chrono Boost)  
  25  2:24  Probe x2 (Chrono Boost)  
  27  2:34  Probe (Chrono Boost)  
  27  2:35  Probe (Chrono Boost)  
  29  2:38  Adept x2 (Chrono Boost)  
  29  2:40  Warp Gate  
  33  2:46  Pylon  
  33  2:51  Probe x2 (Chrono Boost)  
  35  3:03  Probe (Chrono Boost), Mothership Core (Chrono Boost)  
  38  3:07  Pylon  
  38  3:13  Adept x2  
  38  3:16  Probe (Chrono Boost)  
  43  3:22  Probe (Chrono Boost)  
  45  3:27  Probe (Chrono Boost)  
  45  3:31  Twilight Council  
  45  3:32  Probe (Chrono Boost)  
  46  3:34  Pylon  
  46  3:37  Probe (Chrono Boost)  
  47  3:43  Probe (Chrono Boost), Adept x2  
  47  3:48  Probe (Chrono Boost)  
  53  3:53  Probe (Chrono Boost)  
  54  3:57  Gateway  
  54  4:00  Gateway  
  54  4:01  Pylon  
  54  4:03  Probe (Chrono Boost)  
  54  4:04  Probe (Chrono Boost)  
  54  4:08  Resonating Glaives (Chrono Boost)  
  56  4:13  Probe  
  56  4:15  Probe  
  58  4:17  Adept x2  
  58  4:24  Probe  
  62  4:26  Pylon  
  62  4:27  Probe  
  62  4:30  Pylon  
  64  4:52  Adept x3  
  70  4:53  Nexus, Adept  
  70  4:58  Probe  
  73  5:00  Probe  
  73  5:01  Assimilator  
  73  5:02  Assimilator  
  73  5:05  Pylon  
  74  5:11  Stargate  
  74  5:12  Stargate  
  74  5:13  Pylon  
  74  5:17  Adept  
  74  5:18  Probe  
  74  5:20  Probe  
  78  5:33  Adept x3  
  78  5:34  Probe  
  78  5:35  Probe  
  84  5:44  Probe  
  84  5:47  Probe  
  84  5:48  Adept  
  84  5:49  Robotics Facility  
  80  5:58  Phoenix x2 (Chrono Boost)  
  74  6:04  Probe  
  74  6:05  Probe x2  
  74  6:07  Adept x2  
  81  6:12  Adept x2  
  81  6:17  Charge (Chrono Boost)  
  83  6:19  Probe  
  83  6:21  Probe x2  
  86  6:25  Assimilator  
  86  6:30  Phoenix x2, Assimilator  
  86  6:37  Probe  
  86  6:38  Probe x2  
  93  6:42  Observer  
  94  6:48  Pylon  
  94  6:50  Probe x3, Zealot  
  94  6:51  Zealot  
  101  6:58  Zealot x2  
  101  6:59  Phoenix x2  
  103  7:02  Probe x2  
  103  7:17  Zealot  
  103  7:18  Zealot  
  103  7:19  Immortal (Chrono Boost)  
  103  7:21  Phoenix x2  
  109  7:33  Gateway  
  109  7:34  Gateway  
  109  7:35  Gateway  
  109  7:36  Gateway  
  109  7:43  Pylon, Phoenix x2  
  113  7:55  Zealot  
  113  7:56  Zealot x3  
  125  7:59  Immortal (Chrono Boost)  
  125  8:04  Phoenix  
  125  8:05  Phoenix  
  125  8:11  Templar Archives  
  123  8:14  Gateway x2  
  117  8:20  Zealot x4  
  123  8:31  Pylon  
  123  8:32  Pylon  
  115  8:50  Nexus  
  115  8:51  High Templar x4, Zealot  
  115  8:52  Zealot x3  
  115  8:54  Warp Prism (Chrono Boost)  
  133  8:58  Forge  
  133  9:02  Archon x2  
  133  9:18  Pylon x2  
  133  9:20  Pylon  
  133  9:21  High Templar x4  
  133  9:22  Zealot x2  
  133  9:24  Zealot x2  
  149  9:25  Archon  
  149  9:26  Archon  
  149  9:30  Pylon  
  149  9:35  Pylon  
  149  9:37  Pylon  
  153  9:47  High Templar x2  
  153  9:48  Zealot x4  
  165  9:55  Zealot  
  165  9:56  Zealot x2, Archon  
Show
View Real Time Build Order
Export as new Build Order

llIIIllIlIll Zerg 

Build Orders: Hatch First, Lurkers 

Get SALT Encoding   

  12  0:01  Drone  
  13  0:13  Overlord  
  13  0:17  Drone  
  14  0:25  Drone, Extractor  
  15  0:31  Drone  
  16  0:36  Drone  
  17  0:54  Hatchery  
  17  0:56  Drone  
  17  0:58  Drone  
  18  1:05  Extractor  
  17  1:14  Spawning Pool  
  17  1:17  Drone  
  17  1:20  Drone  
  18  1:29  Drone  
  19  1:47  Hatchery  
  18  1:48  Drone  
  18  1:52  Drone  
  20  2:02  Queen  
  20  2:08  Metabolic Boost  
  22  2:13  Zergling x2  
  23  2:20  Queen  
  25  2:25  Overlord  
  25  2:29  Drone  
  26  2:32  Drone  
  26  2:35  Drone  
  28  2:43  Queen  
  30  2:45  Drone  
  30  2:47  Drone  
  32  2:53  Drone x2  
  32  2:58  Overlord  
  34  3:00  Drone  
  35  3:07  Zergling x6  
  35  3:09  Zergling x2  
  35  3:11  Zergling x2  
  39  3:15  Zergling x2  
  39  3:16  Zergling x2  
  39  3:18  Zergling x2  
  39  3:19  Zergling x2  
  43  3:29  Drone x5  
  43  3:33  Drone x2  
  50  3:41  Overlord  
  50  3:55  Overlord  
  49  3:58  Lair  
  49  3:59  Roach Warren, Extractor, Overlord  
  49  4:00  Drone  
  49  4:01  Drone x2  
  50  4:03  Drone  
  50  4:05  Drone  
  50  4:07  Drone  
  50  4:08  Drone  
  54  4:10  Drone  
  54  4:14  Drone x2  
  54  4:16  Drone  
  58  4:17  Drone  
  58  4:18  Drone  
  58  4:20  Drone  
  58  4:22  Drone  
  62  4:25  Evolution Chamber  
  62  4:28  Queen  
  63  4:31  Overlord  
  63  4:34  Drone  
  63  4:36  Drone  
  63  4:37  Drone  
  63  4:38  Drone  
  67  4:39  Drone  
  68  4:47  Overlord  
  68  4:49  Drone x5  
  68  4:51  Extractor  
  68  4:52  Extractor  
  71  4:53  Roach  
  71  4:54  Roach  
  71  4:55  Roach  
  77  5:01  Zerg Missile Weapons Level 1  
  77  5:04  Overlord  
  77  5:05  Overseer  
  76  5:08  Roach x3  
  76  5:11  Zergling x6  
  85  5:18  Roach  
  85  5:19  Roach  
  85  5:20  Zergling x2  
  89  5:28  Zergling x6  
  92  5:29  Zergling x4  
  92  5:30  Queen  
  92  5:38  Roach x2  
  92  5:53  Overlord  
  92  5:54  Overlord  
  87  6:00  Drone  
  87  6:01  Drone x8  
  92  6:07  Drone  
  93  6:13  Extractor  
  93  6:14  Drone x2  
  93  6:15  Hydralisk Den  
  93  6:19  Drone, Extractor  
  93  6:21  Drone x2  
  93  6:23  Overseer  
  95  6:31  Overlord  
  93  6:34  Roach x5  
  93  6:39  Roach  
  105  6:45  Roach  
  105  6:46  Roach x3  
  113  6:48  Lurker Den  
  113  6:50  Glial Reconstitution  
  113  6:57  Roach  
  113  6:58  Roach x2  
  114  7:10  Roach  
  114  7:11  Roach x3  
  108  7:25  Zerg Missile Weapons Level 2  
  108  7:29  Drone x9  
  117  7:35  Spore Crawler  
  116  7:37  Spore Crawler  
  116  7:38  Overlord  
  116  7:39  Spore Crawler  
  116  7:42  Pneumatized Carapace  
  116  7:44  Overlord x3  
  114  7:48  Hatchery  
  114  7:50  Overlord x2  
  105  7:59  Hydralisk  
  105  8:00  Hydralisk x4  
  105  8:04  Drone x2  
  111  8:09  Drone  
  111  8:10  Drone x2  
  111  8:12  Drone x3  
  103  8:17  Hydralisk x3  
  97  8:21  Hydralisk x2  
  97  8:22  Hydralisk  
  97  8:24  Hydralisk  
  97  8:26  Hydralisk  
  101  8:29  Hydralisk  
  101  8:32  Roach  
  101  8:34  Roach  
  103  8:35  Hydralisk  
  103  8:38  Hydralisk  
  103  8:42  Roach x2  
  103  8:45  Roach  
  103  8:48  Roach x2  
  107  9:03  Drone  
  107  9:04  Drone x4  
  107  9:06  Hydralisk  
  107  9:07  Hydralisk x2  
  116  9:14  Drone x5  
  116  9:15  Drone  
  122  9:20  Overseer  
  124  9:32  Spore Crawler  
  124  9:33  Extractor  
  124  9:34  Spore Crawler, Extractor  
  124  9:35  Spore Crawler  
  124  9:36  Hydralisk x3  
  124  9:37  Drone x3  
  124  9:38  Drone x3  
  125  9:42  Drone x4  
  125  9:43  Lurker, Spore Crawler  
  129  9:46  Lurker x2  
  129  9:49  Lurker x2  
Tags
 
Add a new tag
Caveats
  • Supply blocks, unpowered buildings, or Contaminate may cause inaccurate times.
  • Supply counts are checked every 10 seconds.